 Seeded DCSS version 0.30-b1-5-g8e6c1be481 (webtiles) character file.

Game seed: 1 (custom seed)

137 Kazon the Conjurer (level 5, -2/44 HPs)
             Began as a Naga Conjurer on May 4, 2023.
             Slain by an ice beast (6 damage)
             ... on level 3 of the Dungeon.
             The game lasted 00:12:58 (1832 turns).

Kazon the Conjurer (Naga Conjurer)                  Turns: 1832, Time: 00:12:59

Health: -2/44      AC:  2    Str: 11    XL:     5   Next: 20%
Magic:  2/8        EV: 10    Int: 19    God:
Gold:   155        SH:  0    Dex:  9    Spells: 2/8 levels left

rFire   . . .        e - +2 dagger (venom)
rCold   . . .        (no shield)
rNeg    . . .        a - +0 robe
rPois   +            v - +0 hat
rElec   .            (no cloak)
rCorr   .            (no gloves)
SInv    +            (no barding)
Will    .....        (no amulet)
Stlth   ++           q - ring of wizardry
HPRegen 0.27/turn    (no ring)
MPRegen 0.11/turn

%: wizardry (x1)
@: very slow
A: AC +1, large, see invisible, deformed body, poison resistance, slowness 2,
spit poison 1, naga tail 1
a: Spit Poison


You were on level 3 of the Dungeon.
You visited 1 branch of the dungeon, and saw 3 of its levels.

You collected 155 gold pieces.

Inventory:

Hand Weapons
 e - a +2 dagger of venom (weapon)
 g - a +4 spear
Missiles
 c - a stone
 k - 5 poisoned darts
 u - 2 boomerangs
Armour
 a - a +0 robe (worn)
 v - a +0 hat (worn)
Jewellery
 q - a ring of wizardry (left hand)
Scrolls
 d - a scroll of silence {unknown}
 f - a scroll of magic mapping {unknown}
 h - a scroll of vulnerability {unknown}
 l - 6 scrolls of identify {unknown}
 m - a scroll of poison {unknown}
 o - a scroll of blinking {unknown}
 s - a scroll of fear {unknown}
 w - a scroll of immolation {unknown}
Potions
 b - a potion of magic
 i - a potion of ambrosia {unknown}
 j - 2 potions of degeneration {unknown}
 n - 2 potions of haste {unknown}
 p - a potion of heal wounds
 r - a potion of mutation {unknown}
 t - 2 potions of curing {unknown}


   Skills:
 + Level 1.4 Fighting
 + Level 1.3 Short Blades
 + Level 0.2 Throwing
 + Level 2.2 Dodging
 + Level 4.7 Stealth
 + Level 2.1 Spellcasting
 + Level 4.7 Conjurations


You had 2 spell levels left.
You knew the following spells:

 Your Spells              Type           Power      Damage    Failure   Level
a - Magic Dart            Conj           76%        1d6       1%          1
b - Searing Ray           Conj           38%        2d5       1%          2
c - Vampiric Draining     Necr           2%         2d6       21%         3

Your spell library contained the following spells:

 Spells                   Type           Power      Damage    Failure   Level
 Slow                     Hex            8%         N/A       7%          1
 Dazzling Flash           Conj/Hex       22%        N/A       8%          3
 Confusing Touch          Hex            2%         N/A       21%         3
 Volatile Blastmotes      Fire/Tloc      4%         2d10      21%         3
 Fulminant Prism          Conj/Hex       5%         3d6       26%         4
 Iskenderun's Mystic Bla  Conj/Tloc      11%        2d4       26%         4
 Starburst                Conj/Fire      5%         6d4       98%         6


Dungeon Overview and Level Annotations

Branches:
Dungeon (3/15)

Altars:

Shops:
D:3 [


Innate Abilities, Weirdness & Mutations

Your serpentine skin is tough. (AC +1)
You have supernaturally acute eyesight. (SInv)
Armour fits poorly on your strangely shaped body.
Your system is resistant to poisons. (rPois)
You cover ground very slowly.
You can spit poison.
You have a snake-like lower body.


Message History

* * * LOW HITPOINT WARNING * * *
The bat hits you.
* * * LOW HITPOINT WARNING * * *
It was a potion of heal wounds.
You feel much better. The bat hits you.
Casting: Searing Ray (safe; 1% risk of failure)
Confirm with . or Enter, or press ? or * to list all spells.
Aiming: Searing Ray (safe; 1% risk of failure)
Press: ? - help, Shift-Dir - straight line, f - gnoll, p - gnoll
Aim: a gnoll, wielding a +0 halberd (81% to hit)
The searing ray misses the bat.
The searing ray misses the ice beast.
The searing ray misses the hobgoblin.
The searing ray hits the gnoll but does no damage. (Press . to maintain the ray.)
The bat closely misses you.
The searing ray hits the bat.
You kill the bat!
The searing ray hits the ice beast.
The ice beast is moderately wounded.
The searing ray hits the hobgoblin!
You kill the hobgoblin!
The searing ray hits the gnoll.
The gnoll is heavily wounded.
The searing ray hits the ice beast.
The ice beast is moderately wounded.
The searing ray hits the gnoll.
You kill the gnoll!
The searing ray hits the gnoll.
The gnoll is almost dead.
The ice beast closely misses you.
The searing ray hits the ice beast.
The ice beast is moderately wounded.
The searing ray misses the gnoll.
You finish channelling your searing ray.
The gnoll hits you from afar with a +0 halberd.
The ice beast hits you. The ice beast freezes you!
* * * LOW HITPOINT WARNING * * *
The gnoll barely misses you. The ice beast hits you.
* * * LOW HITPOINT WARNING * * *
The ice beast freezes you.
You die...

### .. P ##.#
.. #..# ~.~
#@# ~~♣ #Y#
~~♣ #g#.~~♣
####S.P.~♣♣
##.....~~~~~~
##.......~.P~~
#...........~P
#$.)..........
#.............
..######


You could see an ice beast, a gnoll and a ball python.

Vanquished Creatures
  3 adders (D:2)
  5 gnolls (D:3)
  2 dart slugs
  An orc (D:3)
  3 endoplasms (D:1)
  3 giant cockroaches
  6 goblins
  8 hobgoblins
  3 quokkas
  6 ball pythons
  5 bats
  A frilled lizard (D:1)
  4 kobolds
  7 rats
57 creatures vanquished.

Vanquished Creatures (others)
  15 plants (D:3)
15 creatures vanquished.

Grand Total: 72 creatures vanquished

Notes
Turn   | Place    | Note
-------+----------+-------------------------------------------
     0 | D:1      | Kazon the Naga Conjurer began the quest for the Orb.
     0 | D:1      | Reached XP level 1. HP: 15/15 MP: 3/3
    83 | D:1      | Found a faded altar of an unknown god.
   263 | D:1      | Reached XP level 2. HP: 18/22 MP: 3/5
   628 | D:1      | Reached XP level 3. HP: 24/28 MP: 6/6
  1020 | D:2      | Learned a level 2 spell: Searing Ray
  1066 | D:2      | Reached skill level 1 in Fighting
  1066 | D:2      | Reached XP level 4. HP: 24/38 MP: 7/7
  1375 | D:2      | Learned a level 3 spell: Vampiric Draining
  1461 | D:3      | Found Pazuischa's Antique Armour Shoppe.
  1585 | D:3      | Reached skill level 1 in Short Blades
  1719 | D:3      | Reached XP level 5. HP: 44/44 MP: 8/8
  1818 | D:3      | Noticed an ice beast
  1832 | D:3      | Slain by an ice beast

Illustrated notes

Levels and vault maps discovered:
D:1:      dpeg_arrival_snail, layout_loops_ring, nicolae_ecumenical_lake_church,
          amethyst_killhole
D:2:      layout_rooms, st_stairs_9
D:3:      layout_rooms, serial_shops, shop, serial_bayou_pond_c,
          kennysheep_generic_room_14

Skill      XL: |  1  2  3  4 |
---------------+-------------+-----
Stealth        | 4 |  4.7
Fighting       | 1 |  1.4
Short Blades   | 1 |  1.3
Dodging        | 2 |  2.2
Throwing       | |  0.2
Spellcasting   | |  2.1
Conjurations   | |  4.7

Action                     |  1- 3 |  4- 6 || total
---------------------------+-------+-------++-------
  Melee: Club              |     8 |       ||     8
         Dagger            |    61 |    38 ||    99
         Punch             |     2 |       ||     2
  Throw: Stone             |       |    17 ||    17
         Dart              |       |     1 ||     1
   Cast: Magic Dart        |     9 |     7 ||    16
         Searing Ray       |       |     3 ||     3
Ability: Spit Poison       |    10 |     7 ||    17
    Use: Potion            |       |     1 ||     1
   Stab: Sleeping          |     1 |     2 ||     3
         Distracted        |       |     1 ||     1
 Armour: Robe              |    12 |     8 ||    20
  Dodge: Dodged            |    30 |    29 ||    59
